[ PARTIDA AOE2 · #513793009 ]
UnrankedCoreanos vs Bengalis
Equipo del jugador · VICT
Equipo rival · DERR
[ ANÁLISIS DE REPETICIÓN · EXTRAÍDO DE LA PARTIDA GRABADA ]
Feudal
8:26
Castillos
—
Imperial
—
| APM promedio | 57.5 |
| APM pico | 84 |
| eAPM promedio | 23.9 |
| Aldeanos / militares | 22 / 2 |
Foco
⚔️ 45.9% · 🌾 54.1%
Spearman ×2
Feudal
—
Castillos
—
Imperial
—
| APM promedio | 83.5 |
| APM pico | 142 |
| eAPM promedio | 27.9 |
| Aldeanos / militares | 37 / 3 |
Foco
⚔️ 33.5% · 🌾 66.5%
Militia ×3
Mapa de la partida
Recursos iniciales + cada clic de construcción. Líneas = muros · curvas = relieve. ◆ oro · ⬟ piedra · ● bayas · ✦ reliquia · ◌ hueco del cierre
Tu base
Base de [V-VI] LemonJack
Terreno inicial suavizado · ◌ = hueco del cierre detectado · pasá el cursor para detalles
Inputs por minuto
— G-Dragon - - [V-VI] LemonJack
Build order — G-Dragon
53 acciones detectadas en el replay
| 0:01 | Encolar | Villager (Male) |
| 0:02 | Construir | House |
| 0:03 | Construir | House |
| 0:15 | Encolar | Villager (Male) |
| 0:43 | Encolar | Villager (Male) |
| 1:06 | Encolar | Villager (Male) |
| 1:31 | Encolar | Villager (Male) |
| 2:04 | Encolar | Villager (Male) |
| 2:27 | Encolar | Villager (Male) |
| 2:34 | Construir | Lumber Camp |
| 2:50 | Encolar | Villager (Male) |
| 3:16 | Encolar | Villager (Male) |
| 3:26 | Construir | House |
| 3:39 | Encolar | Villager (Male) |
| 4:00 | Encolar | Villager (Male) |
| 4:30 | Encolar | Villager (Male) |
| 4:57 | Encolar | Villager (Male) |
| 4:58 | Encolar | Villager (Male) |
| 5:12 | Construir | Mill |
| 5:35 | Investigar | Loom |
| 5:54 | Construir | House |
| 6:17 | Investigar | Feudal Age |
| 6:17 | Investigar | Feudal Age |
| 6:29 | Construir | House |
| 6:46 | Construir | Palisade Wall |
| 7:03 | Construir | Palisade Wall |
| 7:04 | Construir | Palisade Wall |
| 7:27 | Construir | House |
| 7:59 | Encolar | Villager (Male) |
| 8:26 | Edad | Edad Feudal |
| 8:30 | Investigar | Double-Bit Axe |
| 8:41 | Construir | Barracks |
| 8:47 | Encolar | Villager (Male) |
| 8:58 | Construir | House |
| 9:08 | Encolar | Villager (Male) |
| 9:26 | Construir | Mining Camp |
| 9:37 | Encolar | Villager (Male) |
| 9:38 | Encolar | Spearman |
| 9:45 | Construir | Watch Tower |
| 9:57 | Encolar | Villager (Male) |
| 10:12 | Construir | Palisade Wall |
| 10:14 | Construir | Palisade Wall |
| 10:16 | Construir | Palisade Wall |
| 10:16 | Construir | Palisade Wall |
| 10:34 | Construir | Palisade Wall |
| 10:40 | Encolar | Spearman |
| 10:48 | Encolar | Villager (Male) |
| 10:59 | Construir | Farm |
| 11:00 | Construir | Farm |
| 11:21 | Encolar | Villager (Male) |
| 11:23 | Construir | Farm |
| 11:39 | Encolar | Villager (Male) |
| 11:45 | Construir | Outpost |
Build order — [V-VI] LemonJack
62 acciones detectadas en el replay
| 0:01 | Encolar | Villager (Male) |
| 0:01 | Encolar | Villager (Male) |
| 0:02 | Construir | House |
| 0:03 | Construir | House |
| 0:19 | Encolar | Villager (Male) |
| 0:19 | Encolar | Villager (Male) |
| 1:34 | Encolar | Villager (Male) |
| 1:34 | Encolar | Villager (Male) |
| 2:00 | Encolar | Villager (Male) |
| 2:00 | Encolar | Villager (Male) |
| 2:18 | Encolar | Villager (Male) |
| 2:19 | Encolar | Villager (Male) |
| 2:53 | Encolar | Villager (Male) |
| 3:02 | Construir | House |
| 3:14 | Encolar | Villager (Male) |
| 3:26 | Encolar | Villager (Male) |
| 3:26 | Encolar | Villager (Male) |
| 3:38 | Encolar | Villager (Male) |
| 3:39 | Encolar | Villager (Male) |
| 3:45 | Construir | Barracks |
| 4:05 | Encolar | Villager (Male) |
| 4:05 | Encolar | Villager (Male) |
| 4:16 | Encolar | Villager (Male) |
| 4:16 | Encolar | Villager (Male) |
| 4:32 | Construir | House |
| 4:43 | Encolar | Militia |
| 4:48 | Encolar | Militia |
| 4:55 | Encolar | Villager (Male) |
| 4:57 | Encolar | Villager (Male) |
| 5:26 | Encolar | Militia |
| 5:36 | Construir | Lumber Camp |
| 5:49 | Encolar | Villager (Male) |
| 5:49 | Encolar | Villager (Male) |
| 6:09 | Encolar | Villager (Male) |
| 6:26 | Encolar | Villager (Male) |
| 6:29 | Construir | House |
| 6:45 | Encolar | Villager (Male) |
| 7:25 | Encolar | Villager (Male) |
| 7:41 | Encolar | Villager (Male) |
| 7:49 | Construir | Mill |
| 8:03 | Encolar | Villager (Male) |
| 8:09 | Encolar | Villager (Male) |
| 8:47 | Construir | House |
| 8:48 | Encolar | Villager (Male) |
| 8:52 | Construir | Mining Camp |
| 9:11 | Construir | Palisade Wall |
| 9:13 | Construir | Palisade Wall |
| 9:15 | Construir | Palisade Wall |
| 9:20 | Construir | Palisade Wall |
| 9:21 | Construir | Palisade Wall |
| 9:27 | Construir | Farm |
| 9:31 | Investigar | Loom |
| 9:38 | Encolar | Villager (Male) |
| 9:43 | Encolar | Villager (Male) |
| 9:48 | Construir | Palisade Wall |
| 9:57 | Construir | Palisade Wall |
| 10:28 | Encolar | Villager (Male) |
| 10:32 | Construir | Farm |
| 10:32 | Construir | Farm |
| 10:33 | Construir | Farm |
| 10:34 | Encolar | Villager (Male) |
| 11:37 | Encolar | Villager (Male) |
Cronología de la partida
| 3:45 | [V-VI] LemonJack · first_building Barracks |
| 6:46 | G-Dragon · wall_segment Palisade Wall x1 |
| 7:03 | G-Dragon · wall_segment Palisade Wall x1 |
| 7:04 | G-Dragon · wall_segment Palisade Wall x1 |
| 8:26 | G-Dragon · age_up feudal |
| 8:41 | G-Dragon · first_building Barracks |
| 9:11 | [V-VI] LemonJack · wall_segment Palisade Wall x1 |
| 9:13 | [V-VI] LemonJack · wall_segment Palisade Wall x4 |
| 9:15 | [V-VI] LemonJack · wall_segment Palisade Wall x3 |
| 9:20 | [V-VI] LemonJack · wall_segment Palisade Wall x2 |
| 9:21 | [V-VI] LemonJack · wall_segment Palisade Wall x1 |
| 9:48 | [V-VI] LemonJack · wall_segment Palisade Wall x2 |
| 9:57 | [V-VI] LemonJack · wall_segment Palisade Wall x1 |
| 10:12 | G-Dragon · wall_segment Palisade Wall x1 |
| 10:14 | G-Dragon · wall_segment Palisade Wall x1 |
| 10:16 | G-Dragon · wall_segment Palisade Wall x1 |
| 10:16 | G-Dragon · wall_segment Palisade Wall x1 |
| 10:34 | G-Dragon · wall_segment Palisade Wall x1 |
| 11:56 | [V-VI] LemonJack · resign |
[ ANÁLISIS IA · 1 CRÉDITO ]
¿Qué pasó realmente en esta partida?
Wolo.gg analiza cada decisión: build order, eco, micro, errores típicos por bracket. Análisis personalizado por WhatsApp o Discord en 30 segundos.
Guía civ
Coreanos
Perfil
Jugador #438920